 Dungeon Crawl Stone Soup version 0.22-a0-266-g5fdf0d7 (webtiles) character file.

104 Zwobot the Cutter (level 4, -4/23 HPs)
             Began as a Vine Stalker Gladiator on Mar 8, 2018.
             Was an Initiate of Makhleb.
             Slain by Grinder (6 damage)
             ... on level 3 of the Dungeon.
             The game lasted 00:05:46 (2048 turns).

Zwobot the Cutter (Vine Stalker Gladiator)          Turns: 2048, Time: 00:05:47

Health: -4/23      AC:  4    Str: 18    XL:     4   Next: 80%
Magic:  0/5        EV: 12    Int:  8    God:    Makhleb [......]
Gold:   164        SH:  0    Dex: 15    Spells: 3/3 levels left

rFire    . . .     SeeInvis .   a - +0 rapier
rCold    . . .     Gourm    .   (no shield)
rNeg     . . .     Faith    .   b - +0 leather armour
rPois    .         Spirit   +   c - +0 helmet
rElec    .         Reflect  .   (no cloak)
rCorr    .         Harm     .   (no gloves)
MR       .....                  (no boots)
Stlth    +.........             (no amulet)
HPRegen  0.47/turn              (no ring)
MPRegen  0.09/turn              (no ring)

@: flying
A: fangs 2, regeneration 1, magic shield, antimagic bite, no potion heal 3, rot
immunity
a: Renounce Religion


You were on level 3 of the Dungeon.
You worshipped Makhleb.
Makhleb was noncommittal.
You were not hungry.

You visited 1 branch of the dungeon, and saw 3 of its levels.

You collected 164 gold pieces.

Inventory:

Hand Weapons
 a - a +0 rapier (weapon)
Missiles
 e - a throwing net
 g - 59 arrows
 j - 62 stones (quivered)
 q - 8 poisoned needles
Armour
 b - a +0 leather armour (worn)
 c - a +0 helmet (worn)
Jewellery
 p - an uncursed ring of fire
Scrolls
 k - 2 scrolls of remove curse
 l - a scroll of identify
 n - 3 scrolls of fog
 r - a scroll of immolation {unknown}
 s - a scroll of magic mapping {unknown}
 u - a scroll of blinking {unknown}
 v - a scroll of fear {unknown}
 x - a scroll of random uselessness {unknown}
Potions
 h - a potion of haste {unknown}
 i - a potion of experience {unknown}
 m - a potion of flight
 o - a potion of degeneration {unknown}
 t - a potion of curing
 w - a potion of mutation {unknown}
Comestibles
 f - 8 rations


   Skills:
 + Level 2.8 Fighting
 * Level 4.3 Short Blades
 - Level 1.7 Throwing
 - Level 2.4 Dodging


You had 3 spell levels left.
You didn't know any spells.

Dungeon Overview and Level Annotations

Branches:
Dungeon (3/15)

Altars:
Makhleb
Ru
Sif Muna
Uskayaw

Annotations:
D:3 Grinder


Innate Abilities, Weirdness & Mutations

You have extremely sharp teeth.
Your natural rate of healing is unusually fast.
When hurt, damage is shared between your health and your magic reserves.
Your bite disrupts and absorbs the magic of your enemies.
Potions cannot restore your health.
You are immune to rotting.


Message History

You puncture Grinder! You bite Grinder.
Grinder's magic leaks into the air.
You drain her magic.
You feel invigorated.
Grinder is severely wounded.
Grinder completely misses you.
You barely miss Grinder. You bite Grinder, but do no damage.
Grinder is severely wounded.
Grinder falters for a moment.
You closely miss Grinder.
Grinder is severely wounded.
Grinder gestures at you. Pain shoots through your body!
* * * LOW HITPOINT WARNING * * *
You closely miss Grinder.
Grinder is severely wounded.
Grinder hits you.
You writhe in agony.
* * * LOW HITPOINT WARNING * * *
You hit Grinder. Your bite misses Grinder.
Grinder is severely wounded.
Grinder hits you.
You die...

#..##.# ###..# .......
..#..# ....... #.#..#
_...... #.#..# .......
#.#..# .)⌠.... #.#..#
.......5####.#..#
##....._.)@.(...(.#
..........####.#.<#
#......#######.#..#
...^#.# #.......>#
#####...#.####.###.#.##
###..................#.#
....)..................#
###.###..#######.#######
# #.# #.## #.#


You could see Grinder.

Vanquished Creatures
  2 adders (D:2)
  An ooze (D:1)
  2 worms
  A dart slug (D:1)
  3 leopard geckos
  An orc (D:3)
  2 ball pythons
  13 bats
  7 giant cockroaches
  4 hobgoblins
  3 jackals (D:2)
  7 kobolds
  A quokka (D:3)
  3 frilled lizards (D:1)
  7 goblins
  10 rats
67 creatures vanquished.

Notes
Turn   | Place    | Note
-------+----------+-------------------------------------------
     0 | D:1      | Zwobot the Vine Stalker Gladiator began the quest for the Orb.
     0 | D:1      | Reached XP level 1. HP: 11/11 MP: 2/2
   260 | D:1      | Reached skill level 3 in Short Blades
   265 | D:1      | Reached XP level 2. HP: 15/15 MP: 3/3
   506 | D:1      | Reached XP level 3. HP: 17/18 MP: 4/4
  1292 | D:2      | Gained mutation: Your natural rate of healing is unusually fast. [Vine Stalker growth]
  1292 | D:2      | Reached XP level 4. HP: 23/23 MP: 5/5
  1577 | D:2      | Found a hide-covered altar of Uskayaw.
  1592 | D:2      | Reached skill level 4 in Short Blades
  1926 | D:3      | Found a burning altar of Makhleb.
  1933 | D:3      | Became a worshipper of Makhleb the Destroyer
  1952 | D:3      | Found a sacrificial altar of Ru.
  2012 | D:3      | Noticed Grinder
  2023 | D:3      | Paralysed by Grinder for 4 turns
  2029 | D:3      | Found a deep blue altar of Sif Muna.
  2032 | D:3      | Paralysed by Grinder for 4 turns
  2047 | D:3      | HP: 1/23 [Grinder (4)]
  2048 | D:3      | Slain by Grinder

Vault maps used:
D:1:      dpeg_arrival_court, kennysheep_nondescript, hangedman_glass_teeth
D:2:      eat_drink_and_be_merry_uskayaw
D:3:      nicolae_overflow_crystal_walls, grunt_temple_overflow_open,
          first_ration, uniq_grinder

Skill      XL: |  1  2  3  4 |
---------------+-------------+-----
Short Blades   | 3 4 |  4.3
Fighting       | 2 |  2.8
Throwing       | |  1.7
Dodging        | |  2.4

Action                   |  1- 3 |  4- 6 || total
-------------------------+-------+-------++-------
Melee: Rapier            |    96 |    76 ||   172
       Bite              |    21 |    23 ||    44
Throw: Throwing net      |     3 |     4 ||     7
       Stone             |       |     1 ||     1
  Use: Scroll            |     3 |       ||     3
       Potion            |       |     3 ||     3
 Stab: Sleeping          |     1 |     1 ||     2
       Held in net/web   |     1 |       ||     1
  Eat: Chunk             |     1 |     3 ||     4
Armor: Leather armour    |    24 |    20 ||    44
Dodge: Dodged            |    63 |    50 ||   113

Table legend:
 A = Spawn XP
 B = Non-spawn XP
 C = Spawn XP percentage of total XP
 D = Spawn monster count
 E = Non-spawn monster count
 F = Spawn count percentage of total count
 G = Total turns spent on level
                    A         B        C        D         E        F      G
               +---------+---------+-------+---------+---------+-------+---------
         Total |       0 |     149 |   0.0 |       0 |      67 |   0.0 |  2048
               +---------+---------+-------+---------+---------+-------+---------
           D:1 |       0 |      60 |   0.0 |       0 |      34 |   0.0 |  1149
           D:2 |       0 |      70 |   0.0 |       0 |      26 |   0.0 |   760
           D:3 |       0 |      19 |   0.0 |       0 |       7 |   0.0 |   139
               +---------+---------+-------+---------+---------+-------+---------
